 Dungeon Crawl Stone Soup version 0.31.0-11-ge490571c62 (webtiles) character file.

Game seed: 274854034059047290

212 Ashen the Sneak (level 5, -5/38 HPs)
             Began as a Gnoll Enchanter on Feb 3, 2024.
             Splashed by a jelly's acid (6 damage)
             ... on level 5 of the Dungeon.
             The game lasted 00:06:39 (3681 turns).

Ashen the Sneak (Gnoll Enchanter)                   Turns: 3681, Time: 00:06:40

Health: -5/38      AC: -7    Str:  7    XL:     5   Next: 89%
Magic:  1/12       EV: 14    Int: 20    God:
Gold:   195        SH:  5    Dex: 15    Spells: 3/14 levels left

rFire   . . .        s - +1 dagger (flame)
rCold   . . .        (no shield)
rNeg    + . .        b - +0 robe
rPois   .            p - +0 helmet
rElec   .            i - +0 cloak
rCorr   .            (no gloves)
SInv    .            (no boots)
Will    .....        g - amulet of reflection
Stlth   +++          a - ring of positive energy
HPRegen 0.26/turn    u - +6 ring of intelligence
MPRegen 0.13/turn

%: reflection
@: corroded, invisible
A: fangs 1, strong nose, distributed training
a: no special abilities


You were on level 5 of the Dungeon.
You visited 1 branch of the dungeon, and saw 5 of its levels.

You collected 195 gold pieces.

Inventory:

Hand Weapons
 s - a +1 dagger of flaming (weapon)
 w - a +0 rapier
 x - a +2 short sword of venom
Armour
 b - a +0 robe (worn)
 i - a +0 cloak (worn)
 p - a +0 helmet (worn)
Jewellery
 a - a ring of positive energy (left hand)
 g - an amulet of reflection (around neck)
 u - a +6 ring of intelligence (right hand)
Scrolls
 h - a scroll of fog {unknown}
 k - 3 scrolls of teleportation {unknown}
 l - a scroll of brand weapon {unknown}
 m - 3 scrolls of identify {unknown}
 n - a scroll of amnesia {unknown}
 o - a scroll of blinking {unknown}
 q - 2 scrolls of enchant weapon {unknown}
 r - a scroll of noise {unknown}
 v - a scroll of silence {unknown}
Potions
 c - a potion of invisibility
 d - a potion of might {unknown}
 e - 3 potions of heal wounds {unknown}
 f - 2 potions of enlightenment {unknown}
 j - a potion of resistance {unknown}
 t - a potion of berserk rage {unknown}


   Skills:
 + Level 1.7 Fighting
 + Level 3.1 Short Blades
 + Level 1.7 Long Blades
 + Level 1.7 Axes
 + Level 1.7 Maces & Flails
 + Level 1.7 Polearms
 + Level 1.7 Staves
 + Level 1.7 Ranged Weapons
 + Level 1.7 Throwing
 + Level 1.7 Armour
 + Level 4.9 Dodging
 + Level 6.2 Stealth
 + Level 1.7 Shields
 + Level 1.7 Unarmed Combat
 + Level 5.3 Spellcasting
 + Level 1.3 Conjurations
 + Level 5.6 Hexes
 + Level 1.3 Summonings
 + Level 1.3 Necromancy
 + Level 1.3 Translocations
 + Level 1.3 Fire Magic
 + Level 1.3 Ice Magic
 + Level 1.3 Air Magic
 + Level 1.3 Earth Magic
 + Level 1.3 Alchemy
 + Level 2.0 Invocations
 + Level 1.7 Evocations
 + Level 1.5 Shapeshifting


You had 3 spell levels left.
You knew the following spells:

 Your Spells              Type           Power      Damage    Failure   Level
a - Ensorcelled Hibernat  Hex/Ice        38%        N/A       4%          2
b - Confusing Touch       Hex            27%        N/A       3%          3
c - Tukima's Dance        Hex            27%        N/A       3%          3
d - Dazzling Flash        Conj/Hex       38%        N/A       9%          3

Your spell library contained the following spells:

 Spells                   Type           Power      Damage    Failure   Level
 Sandblast                Erth           20%        2d7       6%          1
 Blink                    Tloc           20%        N/A       10%         2
 Lesser Beckoning         Tloc           20%        N/A       10%         2
 Momentum Strike          Conj/Tloc      20%        3d8       10%         2
 Passwall                 Erth           10%        N/A       19%         3
 Stone Arrow              Conj/Erth      20%        3d8       19%         3
 Brom's Barrelling Bould  Conj/Erth      10%        2d3       54%         4


Dungeon Overview and Level Annotations

Branches:
Dungeon (5/15)
 Temple: D:4-7

Altars:
Dithmenos
Makhleb
Vehumet
The Shining One


Innate Abilities, Weirdness & Mutations

You have very sharp teeth.
Your uncanny sense of smell can sniff out nearby items.
Your experience applies equally to all skills.


Message History

The jelly quivers.
You hit the orc. You burn the orc.
You kill the orc!
The orc hits you with a +0 club.
Casting: Ensorcelled Hibernation (safe; 4% risk of failure)
Confirm with . or Enter, or press ? or * to list all spells.
Aiming: Ensorcelled Hibernation (safe; 4% risk of failure)
Press: ? - help, Shift-Dir - straight line, f - orc
Aim: an orc, wielding a +0 club and wearing a +0 scale mail (chance to affect: 69%)
The orc looks drowsy...
The helpless orc fails to defend itself.
You impale the orc!! You burn the orc.
You kill the orc!
The jelly barely misses you.
Casting: Ensorcelled Hibernation (safe; 4% risk of failure)
Confirm with . or Enter, or press ? or * to list all spells.
Aiming: Ensorcelled Hibernation (safe; 4% risk of failure)
Press: ? - help, Shift-Dir - straight line, f - jelly
Aim: a jelly (chance to affect: 61%)
The jelly resists with significant effort.
The jelly hits you. The acid corrodes you!
You are splashed with acid!
Casting: Ensorcelled Hibernation (safe; 4% risk of failure)
Confirm with . or Enter, or press ? or * to list all spells.
You don't have enough magic to cast this spell.
Sorry, you're not good enough to have a special ability.
You hit the jelly but do no damage.
Your hands burn!
You bite the jelly, but do no damage. The jelly hits you.
You are splashed with acid!
You hit the jelly but do no damage. The acid corrodes you!
Your hands burn!
* * * LOW HITPOINT WARNING * * *
You bite the jelly, but do no damage. You block the jelly's attack.
You fade into invisibility!
The jelly barely misses you.
You hit the jelly but do no damage.
Your hands burn!
* * * LOW HITPOINT WARNING * * *
The jelly closely misses you.
You barely miss the jelly. The jelly hits you.
* * * LOW HITPOINT WARNING * * *
The acid corrodes you!
You are splashed with acid.
You die...

##..... .##
##....#....##
##......#....#
####....#..#.....
#..#............. ...
#...#$........... .....
##..............#
..##.##.....$#.)J#
.#...........#..@##
..........#.......##
.......#.##)[.........
.##>...#.##.#..........
..###......##..##..#....
..............## ..#....
.......#......# ....#..
.......###..#.......# ##
........#.≈≈...^..


You could see a jelly.

Vanquished Creatures
  A sleepcap (D:4)
  An orc priest (D:3)
  An orc wizard (D:3)
  4 adders
  A dart slug (D:1)
  2 ribbon worms
  12 orcs
  13 ball pythons
  A bat (D:2)
  6 endoplasms
  4 giant cockroaches
  3 hobgoblins
  3 jackals (D:4)
  4 kobolds
  3 quokkas
  2 frilled lizards (D:1)
  6 goblins
  2 rats (D:1)
69 creatures vanquished.

Notes
Turn   | Place    | Note
-------+----------+-------------------------------------------
     0 | D:1      | Ashen the Gnoll Enchanter began the quest for the Orb.
     0 | D:1      | Reached XP level 1. HP: 13/13 MP: 6/6
   212 | D:1      | Reached XP level 2. HP: 19/19 MP: 7/7
  1156 | D:2      | Identified the +2 scale mail "Omipescho" {Str+2}
  1188 | D:2      | Found a burning altar of Makhleb.
  1222 | D:2      | Reached skill level 5 in Spellcasting
  1222 | D:2      | Reached XP level 3. HP: 25/25 MP: 7/9
  1315 | D:2      | Reached skill level 6 in Stealth
  1427 | D:2      | Reached skill level 1 in Invocations
  1452 | D:2      | Reached skill level 1 in Fighting
  1452 | D:2      | Reached skill level 1 in Long Blades
  1452 | D:2      | Reached skill level 1 in Axes
  1452 | D:2      | Reached skill level 1 in Maces & Flails
  1452 | D:2      | Reached skill level 1 in Polearms
  1452 | D:2      | Reached skill level 1 in Staves
  1452 | D:2      | Reached skill level 1 in Ranged Weapons
  1452 | D:2      | Reached skill level 1 in Throwing
  1452 | D:2      | Reached skill level 1 in Armour
  1452 | D:2      | Reached skill level 1 in Shields
  1452 | D:2      | Reached skill level 1 in Unarmed Combat
  1452 | D:2      | Reached skill level 1 in Evocations
  1876 | D:3      | Reached skill level 1 in Shapeshifting
  1876 | D:3      | Reached XP level 4. HP: 32/32 MP: 11/11
  2043 | D:2      | Learned a level 2 spell: Ensorcelled Hibernation
  2047 | D:2      | Learned a level 3 spell: Confusing Touch
  2051 | D:2      | Learned a level 3 spell: Tukima's Dance
  2055 | D:2      | Learned a level 3 spell: Dazzling Flash
  2100 | D:3      | Reached skill level 1 in Conjurations
  2100 | D:3      | Reached skill level 1 in Summonings
  2100 | D:3      | Reached skill level 1 in Necromancy
  2100 | D:3      | Reached skill level 1 in Translocations
  2100 | D:3      | Reached skill level 1 in Fire Magic
  2100 | D:3      | Reached skill level 1 in Ice Magic
  2100 | D:3      | Reached skill level 1 in Air Magic
  2100 | D:3      | Reached skill level 1 in Earth Magic
  2100 | D:3      | Reached skill level 1 in Alchemy
  2151 | D:3      | Reached XP level 5. HP: 37/37 MP: 9/12
  2314 | D:3      | Found a radiant altar of Vehumet.
  3530 | D:4      | Found a glowing golden altar of the Shining One.
  3530 | D:4      | Found a shadowy altar of Dithmenos.
  3610 | D:5      | Entered Level 5 of the Dungeon
  3681 | D:5      | HP: 1/38 [jelly (2)]
  3681 | D:5      | Splashed by a jelly's acid

Illustrated notes

Levels and vault maps discovered:
D:1:      dpeg_arrival_concentric_ovals, layout_basic, minmay_hedge_maze
D:2:      layout_loops_ring, basic_altar
D:3:      layout_basic, vehumet_crystals, serial_bayou_crossing
D:4:      layout_basic, amethyst_overflow_temple_binary
D:5:      layout_cave_pools, grunt_qazlal_sundering, temple_green,
          gup_sewer_entry_glass

Skill      XL: |  1  2  3  4  5 |
---------------+----------------+-----
Spellcasting   | 5 |  5.3
Stealth        | 6 |  6.2
Invocations    | 1 2 |  2.0
Fighting       | 1 |  1.7
Long Blades    | 1 |  1.7
Axes           | 1 |  1.7
Maces & Flails | 1 |  1.7
Polearms       | 1 |  1.7
Staves         | 1 |  1.7
Ranged Weapons | 1 |  1.7
Throwing       | 1 |  1.7
Armour         | 1 |  1.7
Shields        | 1 |  1.7
Unarmed Combat | 1 |  1.7
Evocations     | 1 |  1.7
Shapeshifting  | 1 |  1.5
Conjurations   | 1 |  1.3
Summonings     | 1 |  1.3
Necromancy     | 1 |  1.3
Translocations | 1 |  1.3
Fire Magic     | 1 |  1.3
Ice Magic      | 1 |  1.3
Air Magic      | 1 |  1.3
Earth Magic    | 1 |  1.3
Alchemy        | 1 |  1.3
Short Blades   | 3 |  3.1
Dodging        | |  4.9
Hexes          | |  5.6

Action                     |  1- 3 |  4- 6 || total
---------------------------+-------+-------++-------
  Melee: Dagger            |   327 |    71 ||   398
         Bite              |    56 |     9 ||    65
         Punch             |     7 |     1 ||     8
         Rapier            |       |     9 ||     9
   Cast: Ensorcelled Hiber |       |    33 ||    33
         Confusing Touch   |       |     2 ||     2
    Use: Potion            |       |     1 ||     1
   Stab: Sleeping          |    12 |    27 ||    39
         Confused          |       |     3 ||     3
 Armour: Robe              |    53 |    31 ||    84
  Dodge: Dodged            |    40 |    50 ||    90
  Block: Other             |    15 |    23 ||    38
         Reflection        |     4 |       ||     4
